 Dungeon Crawl Stone Soup version 0.19.0 (webtiles) character file.

16131 KarmaPolice the Slinger (level 12, -6/85 HPs)
             Began as a Halfling Hunter on Nov 1, 2016.
             Was an Elder of Okawaru.
             Mangled by a porcupine (13 damage)
             ... on level 3 of the Lair of Beasts.
             The game lasted 01:18:33 (17336 turns).

KarmaPolice the Slinger (Halfling Hunter)          Turns: 17336, Time: 01:18:34

Health: -6/85      AC: 11    Str: 14    XL:     12   Next: 66%
Magic:  10/16      EV: 26    Int:  9    God:    Okawaru [****..]
Gold:   537        SH:  0    Dex: 19    Spells: 0 memorised, 11 levels left

rFire  . . .     SeeInvis .     a - +1 hunting sling
rCold  + . .     Gourm    .     L - +0 troll leather armour
rNeg   . . .     Faith    .     (shield restricted)
rPois  .         Spirit   .     v - +2 hat
rElec  .         Reflect  .     q - +0 cloak
rCorr  .         Harm     .     m - +0 pair of gloves
MR     .....                    (no boots)
Stlth  +++.......               (no amulet)
                                o - ring of wizardry
                                b - ring of protection from cold

@: lethally poisoned (-6 -> -62), heroism, finesse
A: mutation resistance 1
a: Heroism, Renounce Religion


You were on level 3 of the Lair of Beasts.
You worshipped Okawaru.
Okawaru was greatly pleased with you.
You were hungry.

You visited 2 branches of the dungeon, and saw 11 of its levels.

You collected 537 gold pieces.

Inventory:

Hand Weapons
 a - a +1 hunting sling (weapon)
 h - a +1 scimitar of flaming
 I - the +1 short sword of Abuse {venom, rElec Dex+5}
   (You found it on level 6 of the Dungeon)

   It poisons the flesh of those it strikes.
   It affects your dexterity (+5).
   It insulates you from electricity.
Missiles
 e - 169 stones
 s - 177 sling bullets (quivered)
 x - 4 curare-tipped needles
Armour
 m - a +0 pair of gloves (worn)
 q - a +0 cloak (worn)
 v - a +2 hat (worn)
 C - a +2 leather armour of poison resistance
 L - a +0 troll leather armour (worn)
Jewellery
 b - a ring of protection from cold (left hand)
 o - a ring of wizardry (right hand)
Wands
 k - a wand of acid (0/15)
 N - a wand of teleportation (5/9)
 P - a wand of confusion (20/48)
 S - a wand of slowing (19/48)
Scrolls
 c - a scroll of brand weapon {unknown}
 g - a scroll of blinking
 p - 3 scrolls of amnesia
 t - 6 scrolls of remove curse
 u - 5 scrolls of random uselessness
 y - a scroll of fog {unknown}
 D - 2 scrolls of recharging
 F - 2 scrolls of teleportation {unknown}
 H - 2 scrolls of fear {unknown}
 M - 2 scrolls of enchant armour {unknown}
 Q - a scroll of enchant weapon {unknown}
 R - a scroll of identify
Potions
 i - 5 potions of flight
 j - 2 potions of curing {unknown}
 l - a potion of mutation {unknown}
 n - 2 potions of agility {unknown}
 z - 2 potions of brilliance {unknown}
 A - a potion of berserk rage {unknown}
 B - 2 potions of ambrosia {unknown}
 E - a potion of resistance {unknown}
 J - 3 potions of heal wounds {unknown}
 K - a potion of degeneration {unknown}
 O - a potion of haste {unknown}
Comestibles
 d - 3 beef jerkies
 f - 4 bread rations
 r - 3 slices of pizza
 w - 15 fruits
 G - 4 meat rations
 T - 12 chunks of flesh


   Skills:
 + Level 9.2(14.2) Fighting
 - Level 8.3(14.6) Short Blades
 + Level 6.1(12.6) Long Blades
 + Level 11.6(16.6) Slings
 - Level 7.0(12.0) Armour
 - Level 8.0(13.0) Dodging
 - Level 1.1(6.1) Stealth
 + Level 6.5 Invocations
 - Level 5.6 Evocations


You had 11 spell levels left.
You didn't know any spells.

Dungeon Overview and Level Annotations

Branches:
Dungeon (8/15)             Temple (0/1) D:6            Lair (3/6) D:8
  Swamp (0/4) Lair:2
  Snake: Lair:2-4    Spider: Lair:2-4

Altars:
Elyvilon
Gozag
Hepliaklqana
Nemelex Xobeh
Okawaru
Qazlal
Sif Muna
Trog
The Shining One

Annotations:
Lair:3 Snorg


Innate Abilities, Weirdness & Mutations

You are small and have problems with some larger weapons.
You are somewhat resistant to further mutation.


Message History

The black mamba bites you.
You are lethally poisoned!
The black mamba poisons you! The black mamba barely misses you.
You feel very sick. The black mamba bites you.
You are more poisoned.
The black mamba poisons you!
You feel very sick. The black mamba bites you!
* * * LOW HITPOINT WARNING * * *
You are more poisoned.
The black mamba poisons you!
* * * LOW HITPOINT WARNING * * *
You feel very sick.
Unknown command.
Okay, then.
* * * LOW HITPOINT WARNING * * *
You feel extremely sick. The porcupine bites you!
You die...

####..#### ..# ##P..((#..# #.#
#.........# #.# #..###.#..###.#
### #..##.###.##..######.#
)..####...(......#..##
..#..##.#..(..S.../## ###
#.##.((...(((.#r...# ### #.#
#.##...##.....#P@..####.####.##
#.#..........###...(..........#
#............#.#.#..#.###.#.P##
######.##!.......###### ##..##
#.#######....P#### #..##
....#######..## ##..#
.#..#.#.##...# ##.##
##..........# ##P.[#
##...#.P##.# #####....##


You could see a black mamba and a porcupine.

Vanquished Creatures
  Gastronok (D:8)
  3 hydras
  Erica (D:8)
  Pikel (D:8)
  2 black mambas (Lair:1)
  Joseph (D:8)
  5 spiny frogs
  2 rime drakes (Lair:1)
  2 komodo dragons
  The ghost of lorenzova the Covert, a novice SpEn (D:5)
  A hornet (D:8)
  4 hippogriffs
  Sigmund (D:5)
  2 basilisks
  3 yaks
  Grum (D:8)
  A hungry ghost (D:7)
  4 porcupines
  9 water moccasins
  3 orc warriors
  A black bear (D:7)
  An ice beast (D:6)
  A sky beast (D:8)
  2 slaves (D:8)
  An ogre (D:5)
  6 wolves
  3 centaurs
  5 crocodiles
  2 big kobolds
  7 bullfrogs
  3 scorpions
  5 killer bees (D:7)
  8 wights
  3 vampire bats (D:3)
  A centaur zombie (D:6)
  A bullfrog zombie (D:5)
  5 hounds
  6 orc priests
  2 jellies
  15 orc wizards
  2 bullfrog skeletons
  A centaur skeleton (D:4)
  Jessica (D:4)
  Terence (D:2)
  8 worker ants
  A hound skeleton (D:4)
  2 worker ant zombies (D:6)
  11 adders
  A river rat (D:8)
  A shadow imp (D:5)
  An ooze (D:4)
  An adder skeleton (D:5)
  4 worms
  2 dart slugs
  9 leopard geckos
  30 orcs
  16 bats
  8 giant cockroaches
  6 goblins
  6 hobgoblins
  12 jackals
  16 kobolds
  7 quokkas
  A ball python (D:1)
  7 frilled lizards
  A leopard gecko zombie (D:8)
  A quokka skeleton (D:8)
  9 rats
  6 fungi
  8 plants
306 creatures vanquished.

Vanquished Creatures (others)
  A goblin (D:1)
  A quokka (D:5)
  41 fungi
  20 plants
63 creatures vanquished.

Grand Total: 369 creatures vanquished

Notes
Turn   | Place    | Note
-------+----------+-------------------------------------------
     0 | D:1      | KarmaPolice the Halfling Hunter began the quest for the Orb.
     0 | D:1      | Reached XP level 1. HP: 14/14 MP: 1/1
   194 | D:1      | Reached skill level 6 in Slings
   214 | D:1      | Reached XP level 2. HP: 9/19 MP: 2/2
  1165 | D:1      | Reached XP level 3. HP: 15/24 MP: 3/3
  2033 | D:2      | Reached XP level 4. HP: 29/29 MP: 4/4
  2073 | D:2      | Reached skill level 1 in Short Blades
  2467 | D:2      | Noticed Terence
  2477 | D:2      | Killed Terence
  2851 | D:3      | Found an iron altar of Okawaru.
  2851 | D:3      | Found an opulent altar of Gozag.
  2872 | D:3      | Found a deep blue altar of Sif Muna.
  2889 | D:3      | Became a worshipper of Warmaster Okawaru
  2932 | D:3      | Reached XP level 5. HP: 35/35 MP: 5/5
  3155 | D:3      | Reached skill level 7 in Slings
  3510 | D:2      | Reached XP level 6. HP: 26/42 MP: 6/6
  4221 | D:3      | Reached * piety under Okawaru
  4221 | D:3      | Reached XP level 7. HP: 31/46 MP: 7/7
  4535 | D:4      | Reached skill level 8 in Slings
  4834 | D:4      | Found a sparkling altar of Nemelex Xobeh.
  4834 | D:4      | Noticed Jessica
  4842 | D:4      | Killed Jessica
  5219 | D:5      | Entered Level 5 of the Dungeon
  5591 | D:5      | Reached XP level 8. HP: 54/54 MP: 8/8
  5630 | D:5      | Reached skill level 1 in Invocations
  5733 | D:5      | Reached skill level 9 in Slings
  5780 | D:5      | Reached skill level 5 in Short Blades
  6095 | D:5      | Reached ** piety under Okawaru
  6374 | D:5      | Noticed lorenzova's ghost (novice SpEn)
  7133 | D:5      | Found a white marble altar of Elyvilon.
  7316 | D:6      | Found a bloodstained altar of Trog.
  8063 | D:6      | Got an iridescent short sword
  8079 | D:6      | Identified the cursed +1 short sword of Abuse {venom, rElec Dex+5} (You found it on level 6 of the Dungeon)
  8174 | D:6      | Found a hazy altar of Hepliaklqana.
  8174 | D:6      | Noticed Sigmund
  8408 | D:6      | Reached skill level 5 in Fighting
  8408 | D:6      | Reached skill level 5 in Dodging
  8408 | D:6      | Reached XP level 9. HP: 61/61 MP: 7/10
  8944 | D:5      | Killed Sigmund
  9229 | D:6      | Reached skill level 10 in Slings
  9229 | D:6      | Reached skill level 1 in Armour
  9387 | D:6      | Found a staircase to the Ecumenical Temple.
 10500 | D:5      | Killed lorenzova's ghost
 11161 | D:7      | Reached *** piety under Okawaru
 11180 | D:7      | Found a stormy altar of Qazlal.
 11282 | D:7      | Reached XP level 10. HP: 68/68 MP: 10/13
 11419 | D:7      | Found a glowing golden altar of the Shining One.
 11712 | D:8      | Noticed Grum
 11712 | D:8      | Noticed Erica
 12157 | D:8      | Reached skill level 5 in Evocations
 12311 | D:8      | Found a staircase to the Lair.
 12659 | D:8      | Reached skill level 5 in Armour
 12848 | D:8      | Killed Erica
 12848 | D:8      | Reached **** piety under Okawaru
 12958 | D:8      | Noticed Joseph
 13110 | D:8      | Noticed Gastronok
 13171 | D:8      | Noticed Pikel
 13423 | D:8      | Killed Gastronok
 13423 | D:8      | Reached ***** piety under Okawaru
 13423 | D:8      | Received a gift from Okawaru
 13423 | D:8      | Reached XP level 11. HP: 47/75 MP: 15/15
 13485 | D:8      | Killed Joseph
 13533 | D:8      | Killed Grum
 13547 | D:7      | Received a gift from Okawaru
 13696 | D:8      | Killed Pikel
 14042 | Lair:1   | Entered Level 1 of the Lair of Beasts
 14120 | Lair:1   | Received a gift from Okawaru
 14421 | Lair:1   | Noticed a five-headed hydra
 14445 | Lair:1   | Killed a one-headed hydra
 14445 | Lair:1   | Received a gift from Okawaru
 14684 | Lair:1   | Found a white marble altar of Elyvilon.
 14837 | Lair:1   | Received a gift from Okawaru
 14905 | Lair:1   | Reached XP level 12. HP: 46/84 MP: 8/16
 14999 | D:8      | Reached skill level 5 in Invocations
 15513 | Lair:2   | Reached skill level 5 in Long Blades
 15878 | Lair:2   | Received a gift from Okawaru
 16076 | Lair:2   | Found a staircase to the Swamp.
 16346 | Lair:2   | Reached skill level 11 in Slings
 16753 | Lair:3   | Noticed Snorg
 16753 | Lair:3   | Noticed a seven-headed hydra
 16830 | Lair:2   | Killed a two-headed hydra
 17214 | Lair:3   | Noticed a seven-headed hydra
 17237 | Lair:3   | Killed a five-headed hydra
 17237 | Lair:3   | Received a gift from Okawaru
 17336 | Lair:3   | Mangled by a porcupine

Skill      XL: |  1  2  3  4  5  6  7  8  9 10 11 12 |
---------------+-------------------------------------+-----
Slings         | 6 7 8 9 10 11 | 11.6
Fighting       | 2 3 4 5 6 7 8 9 |  9.2
Dodging        | 3 4 5 6 8 |  8.0
Short Blades   | 1 2 3 4 6 7 8 |  8.3
Invocations    | 2 3 4 6 |  6.5
Evocations     | 4 5 |  5.6
Armour         | 3 6 7 |  7.0
Long Blades    | 2 4 6 |  6.1
Stealth        | |  1.1

Action                   |  1- 3 |  4- 6 |  7- 9 | 10-12 || total
-------------------------+-------+-------+-------+-------++-------
Melee: Short sword       |   111 |   101 |   475 |   728 ||  1415
       Punch             |       |       |     1 |     8 ||     9
       Scimitar          |       |       |       |    40 ||    40
 Fire: Hunting sling     |    48 |   125 |   253 |   440 ||   866
Invok: Heroism           |       |       |     8 |    17 ||    25
       Finesse           |       |       |       |     5 ||     5
Evoke: Wand              |       |       |       |     5 ||     5
  Use: Scroll            |       |       |     9 |     4 ||    13
       Potion            |       |       |     1 |     1 ||     2
 Stab: Sleeping          |     4 |       |     2 |       ||     6
       Distracted        |       |     1 |     3 |       ||     4
       Confused          |       |       |       |     1 ||     1
  Eat: Chunk             |     4 |     6 |    12 |    16 ||    38
       Meat ration       |       |       |     2 |       ||     2
       Fruit             |       |       |       |     2 ||     2
       Beef jerky        |       |       |       |     1 ||     1
Armor: Leather armour    |    26 |    49 |    55 |       ||   130
       Troll leather arm |       |       |    20 |    91 ||   111
Dodge: Dodged            |   105 |   177 |   410 |   529 ||  1221
       Rpst.: Scimitar   |       |       |       |     5 ||     5
